AoeStats
← mryendl2410

Lombardia

509819203Analyzed
2v2 RM · 5d ago on Sep 28, 2026· 30m 14s· 4 players
Game mode
Random Map
Map size
Medium (4 player)
Population
200
Speed
Normal
Resources
Standard
Victory
Conquest
Starting age
Dark Age
Ending age
Imperial Age
RankedLock teamsTeams togetherTeam positionsShared explorationLock speedFull tech treeHidden civsTurbo modeCheats
Victory
Defeat
🇧🇷 Koreans · Brazil
1323
+17
🇲🇽 Lithuanians · Mexico
1302
+18
🇻🇳 Britons · Vietnam
1357
-18
🇭🇰 Varangians · Hong Kong SAR China
1338
-17
sHinsHim
6:12 Loom
10:54 Feudal Age
16:42 Castle Age
15:36 Double-Bit Axe
15:32 Horse Collar
25:00 Scale Barding Armor
25:28 Town Watch
31:03 Wheelbarrow
Publius Varus
7:50 Loom
10:23 Feudal Age
15:38 Castle Age
21:39 Town Watch
22:37 Double-Bit Axe
23:36 Horse Collar
24:45 Bow Saw
Dragerwoods
7:34 Loom
12:49 Feudal Age
12:53 Man-at-Arms
13:20 Double-Bit Axe
13:57 Horse Collar
20:42 Castle Age
19:54 Forging
19:49 Scale Barding Armor
20:08 Bloodlines
20:54 Stone Mining
21:42 Wheelbarrow
20:59 Gold Mining
21:47 Scale Barding Armor
23:32 Chain Barding Armor
24:07 Husbandry
27:05 Iron Casting
mryendl2410
12:21 Feudal Age
11:14 Loom
13:27 Double-Bit Axe
16:21 Castle Age
14:29 Horse Collar
14:48 Gold Mining
15:10 Fletching
17:26 Bodkin Arrow
17:11 Crossbowman
19:42 Padded Archer Armor
19:55 Bow Saw
24:14 Ballistics
25:59 Leather Archer Armor
27:22 Heavy Plow
32:38 Imperial Age
30:55 Gold Shaft Mining
Connection lost

Rejoining the realm…

Still unreachable

The connection could not be restored.

Session expired

The server has moved on; the page needs a fresh start.